 Dungeon Crawl Stone Soup version 0.14-a0-2604-g6f603d6 (webtiles) character file.

321 Jenx the Charlatan (level 5, -2/45 HPs)
             Began as a Draconian Fighter on Feb 13, 2014.
             Was a Believer of Nemelex Xobeh.
             Slain by a worm (4 damage)
             ... on Level 3 of the Dungeon.
             The game lasted 00:09:15 (2372 turns).

Jenx the Charlatan (Draconian Fighter)              Turns: 2372, Time: 00:09:16

HP  -2/45        AC  7     Str 19      XL: 5   Next: 45%
MP   8/8         EV 10     Int  9      God: Nemelex Xobeh [**....]
Gold 126         SH 18     Dex 10      Spells:  0 memorised,  4 levels left

rFire  . . .     SeeInvis .     a - +0 falchion
rCold  . . .     Clarity  .     (armour unavailable)
rNeg   . . .     Conserve .     c - +0 shield
rPois  .         rCorr    .     (helmet restricted)
rElec  .         rRot     .     (no cloak)
SustAb . .       Spirit   .     q - +0 pair of gloves
rMut   .         Warding  .     d - +0 pair of boots
Saprov . . .     Stasis   .     (no amulet)
MR     .....                    (no ring)
                                (no ring)

@: slowed, very slow, not resistant to hostile enchantments, unstealthy
A: unfitting armour, AC +5
a: Draw One, Peek at Two, Renounce Religion


You were on level 3 of the Dungeon.
You worshipped Nemelex Xobeh.
Nemelex Xobeh was pleased with you.
You were not hungry.

You visited 1 branch of the dungeon, and saw 3 of its levels.

You collected 126 gold pieces.

Inventory:

Hand weapons
 a - a +0,+0 falchion (weapon)
Missiles
 k - a javelin (quivered)
Armour
 c - a +0 shield (worn)
 d - a +0 pair of boots (worn)
 q - a +0 pair of gloves (worn)
Comestibles
 f - 2 bread rations
Scrolls
 g - 4 scrolls of curse jewellery {unknown}
 i - 2 scrolls of remove curse {unknown}
 j - 2 scrolls of identify {unknown}
 m - 2 scrolls of fog {unknown}
 n - a scroll of enchant armour {unknown}
 o - 3 scrolls of curse armour {unknown}
 p - a scroll of teleportation {unknown}
 s - a scroll of amnesia {unknown}
 t - a scroll of enchant weapon I {unknown}
Jewellery
 b - an uncursed amulet of faith {unknown}
Potions
 e - a potion of degeneration {unknown}
 h - a potion of curing {unknown}
 l - 2 potions of brilliance {unknown}
 v - 2 potions of resistance {unknown}


   Skills:
 - Level 3.2 Fighting
 + Level 4.0 Long Blades
 - Level 2.6 Dodging
 - Level 3.0 Shields
 * Level 4.2 Evocations


You had 4 spell levels left.
You didn't know any spells.

Dungeon Overview and Level Annotations

Branches:
Dungeon (3/16)

Altars:
Dithmenos
Nemelex Xobeh
Trog


Message History

The magic dart hits you!
* * * LOW HITPOINT WARNING * * *
The white imp hits you.
* * * LOW HITPOINT WARNING * * *
The white imp freezes you.
You feel as though you will be slow longer.
* * * LOW HITPOINT WARNING * * *
You hit Natasha.
You kill Natasha!
Natasha screams in pain as she dies!
Your Long Blades skill increases to level 4!
The white imp disappears in a puff of smoke!
The iron imp disappears in a puff of smoke!
The worm barely misses you. The worm bites you.
* * * LOW HITPOINT WARNING * * *
You hit the worm.
The worm is lightly wounded.
The worm bites you.
You die...
Your body glows slightly and disappears.

.... #...
#..# # #.%#
#..# #.(.
#.##########
#§w........#
#@########.#
#%# #.# #(#
#.# #.# #.#
.§# #.# ###
#.# #.# #.#
#.#


You could see a worm.

Vanquished Creatures
  A crimson imp (D:3)
  Natasha (D:3)
  Jessica (D:2)
  5 adders
  An ooze (D:2)
  A ball python (D:1)
  9 bats
  2 giant cockroaches
  10 goblins
  13 hobgoblins
  6 jackals (D:3)
  3 kobolds
  3 giant geckos
  8 giant newts
  7 rats
71 creatures vanquished.

Notes
Turn   | Place    | Note
--------------------------------------------------------------
     0 | D:1      | Jenx, the Draconian Fighter, began the quest for the Orb.
     0 | D:1      | Reached XP level 1. HP: 19/19 MP: 1/1
   195 | D:1      | Reached XP level 2. HP: 21/26 MP: 2/2
   401 | D:1      | Found a sparkling altar of Nemelex Xobeh.
   405 | D:1      | Became a worshipper of Nemelex Xobeh
   440 | D:1      | Received a gift from Nemelex Xobeh
  1084 | D:2      | Reached skill level 1 in Evocations
  1084 | D:2      | Reached XP level 3. HP: 29/31 MP: 3/3
  1164 | D:2      | Noticed Jessica
  1171 | D:2      | Acquired Nemelex Xobeh's first power
  1173 | D:2      | Killed Jessica
  1262 | D:2      | Found a shadowy altar of Dithmenos.
  1518 | D:2      | Reached XP level 4. HP: 38/38 MP: 5/5
  1829 | D:2      | Received a gift from Nemelex Xobeh
  2061 | D:3      | Found a bloodstained altar of Trog.
  2200 | D:3      | Reached XP level 5. HP: 45/45 MP: 8/8
  2247 | D:3      | Acquired Nemelex Xobeh's second power
  2268 | D:3      | Reached skill level 4 in Evocations
  2361 | D:3      | Noticed Natasha
  2371 | D:3      | Killed Natasha
  2371 | D:3      | HP: 2/45 [worm (4)]
  2372 | D:3      | Slain by a worm

Action                   |  1- 3 |  4- 6 || total
-------------------------+-------+-------++-------
Melee: Falchion          |   138 |   158 ||   296
Throw: Javelin           |     3 |    10 ||    13
Evoke: Deck              |    10 |     6 ||    16
  Use: Scroll            |     1 |       ||     1
